 Dungeon Crawl Stone Soup version 0.21.0-3-g78d12a8 (console) character file.

127 ahub the Skirmisher (level 4, -4/55 HPs)
             Began as a Demonspawn Monk on Jan 8, 2018.
             Slain by komo4ek's ghost (6 damage)
             ... on level 3 of the Dungeon.
             The game lasted 00:06:04 (2521 turns).

ahub the Skirmisher (Demonspawn Monk)               Turns: 2521, Time: 00:06:04

Health: -4/55      AC: 22    Str: 12    XL:     4   Next: 85%
Magic:  4/4        EV:  2    Int: 12    God:
Gold:   152        SH:  0    Dex: 15    Spells: 3/3 levels left

rFire    . . .     SeeInvis .   a - +0 falchion
rCold    . . .     Gourm    .   (no shield)
rNeg     + + +     Faith    .   (armour currently unavailable)
rPois    +         Spirit   .   (helmet currently unavailable)
rElec    .         Reflect  .   (cloak currently unavailable)
rCorr    .         Harm     .   (gloves currently unavailable)
MR       .....     NoTele   +   (boots currently unavailable)
Stlth    ++........             (no amulet)
HPRegen  0.18/turn              (no ring)
MPRegen  0.09/turn              (no ring)

@: tree-form (expiring)
A: powered by death 1
a: no special abilities


You were on level 3 of the Dungeon.
You were hungry.
You were a tree.
You visited 1 branch of the dungeon, and saw 3 of its levels.

You collected 152 gold pieces.

Inventory:

Hand Weapons
 a - a +0 falchion (weapon)
Armour
 d - a +0 ring mail (melded)
Wands
 e - a wand of enslavement (12)
Scrolls
 g - 2 scrolls of teleportation
 h - a scroll of identify
 i - a scroll of remove curse
Comestibles
 b - 5 chunks of flesh
 c - 4 rations


   Skills:
 + Level 3.9 Fighting
 + Level 3.6 Long Blades
 + Level 1.3 Armour
 + Level 3.3 Dodging
 - Level 1.8 Stealth


You had 3 spell levels left.
You didn't know any spells.

Dungeon Overview and Level Annotations

Branches:
Dungeon (3/15)

Altars:

Annotations:
D:3 komo4ek's ghost, amateur HuSu


Innate Abilities, Weirdness & Mutations

You regenerate a little health from kills.


Message History

* * * LOW HITPOINT WARNING * * *
You hit komo4ek's ghost.
Komo4ek's ghost is severely damaged.
Komo4ek's ghost hits you but does no damage. x2
You hit komo4ek's ghost.
Komo4ek's ghost is almost destroyed.
Komo4ek's ghost barely misses you.
You barely miss komo4ek's ghost.
Komo4ek's ghost is almost destroyed.
Komo4ek's ghost hits you.
* * * LOW HITPOINT WARNING * * *
Komo4ek's ghost burns you.
* * * LOW HITPOINT WARNING * * *
You hit komo4ek's ghost.
Komo4ek's ghost is almost destroyed.
Komo4ek's ghost hits you but does no damage.
You hit komo4ek's ghost.
Komo4ek's ghost is almost destroyed.
Komo4ek's ghost hits you.
You die...

##......#.###.#.# #. ###
##..##...#.# #.#.######. #..
#.>###.#(#.###.#...##... #.#
##.## #.#.#.......#....#.
#.####..#....#.#.########..##.
##........[####...# ##.##.
#.<.##.##### #..### ####.
#...##.# #.## #. #...##.# #.#
#. ######.# #.# #. #.# #♣# #.
..#######W# .###....rr# #
#.....rr...... #..............
#..............
#..............
...............
...............
#..............


You could see komo4ek's ghost, a river rat, a quokka and 2 rats.

Vanquished Creatures
  4 adders
  4 worms
  3 dart slugs
  5 leopard geckos
  An orc (D:3)
  3 giant cockroaches (D:1)
  12 goblins
  9 hobgoblins
  2 jackals (D:3)
  5 kobolds
  A ball python (D:1)
  6 bats
  4 frilled lizards
  7 rats
66 creatures vanquished.

Notes
Turn   | Place    | Note
-------+----------+-------------------------------------------
     0 | D:1      | ahub the Demonspawn Monk began the quest for the Orb.
     0 | D:1      | Reached XP level 1. HP: 18/18 MP: 1/1
   230 | D:1      | Gained mutation: You regenerate a little health from kills. [demonic ancestry]
   230 | D:1      | Reached XP level 2. HP: 18/24 MP: 2/2
   501 | D:1      | Reached XP level 3. HP: 29/29 MP: 3/3
  2083 | D:2      | Reached XP level 4. HP: 34/36 MP: 4/4
  2284 | D:3      | Reached skill level 1 in Armour
  2441 | D:3      | Noticed komo4ek's ghost (amateur HuSu)
  2519 | D:3      | HP: 2/55 [komo4ek's ghost (1)]
  2521 | D:3      | Slain by komo4ek's ghost

Skill      XL: |  1  2  3  4 |
---------------+-------------+-----
Long Blades    | 3 |  3.6
Dodging        | 3 |  3.3
Armour         | 1 |  1.3
Fighting       | |  3.9
Stealth        | |  1.8

Action                   |  1- 3 |  4- 6 || total
-------------------------+-------+-------++-------
Melee: Falchion          |   159 |   112 ||   271
  Use: Scroll            |     2 |     2 ||     4
       Potion            |       |     2 ||     2
 Stab: Sleeping          |     1 |       ||     1
  Eat: Chunk             |     4 |     1 ||     5
Armor: Robe              |    13 |       ||    13
       Ring mail         |    23 |    19 ||    42
       Skin              |       |    26 ||    26
Dodge: Dodged            |   128 |    69 ||   197
       Rpst.: Falchion   |    40 |    16 ||    56
